AoeStats
← Shaun

MegaRandom

504018059Analyzed
4v4 RM · 1mo ago on Sep 3, 2026· 51m 15s· 8 players
Game mode
Random Map
Map size
Large (8 player)
Population
200
Speed
Normal
Resources
Standard
Victory
Conquest
Starting age
Dark Age
Ending age
Imperial Age
RankedLock teamsTeams togetherTeam positionsShared explorationLock speedFull tech treeHidden civsTurbo modeCheats
Victory
Defeat
🇫🇷 Burgundians · France
929
+14
🇧🇷 Italians · Brazil
928
+14
🇨🇳 Huns · China
920
+15
🇬🇧 Spanish · United Kingdom
908
+15
🇨🇳 Teutons · China
943
-17
🇹🇼 Khmer · Taiwan
894
-15
🇧🇷 Lithuanians · Brazil
862
-13
🇨🇳 Mongols · China
859
-13
Shaun
5:35 Loom
13:33 Feudal Age
18:08 Castle Age
16:24 Double-Bit Axe
30:39 Bow Saw
34:21 Imperial Age
32:28 Bloodlines
34:45 Caravan
34:59 Cavalier
38:32 Paladin
39:35 Scale Barding Armor
39:41 Forging
41:43 Chain Barding Armor
41:58 Iron Casting
43:51 Plate Barding Armor
Zbar
0:30 Loom
12:22 Feudal Age
17:30 Town Watch
21:28 Castle Age
19:43 Gold Mining
19:46 Stone Mining
21:04 Gold Shaft Mining
20:13 Horse Collar
20:20 Double-Bit Axe
22:35 Cavalier
23:24 Husbandry
24:25 Heavy Plow
25:20 Bow Saw
30:13 Wheelbarrow
29:46 Treadmill Crane
31:41 Two-Man Saw
31:17 Crop Rotation
32:02 Burgundian Vineyards
32:52 Hand Cart
37:25 Imperial Age
35:07 Forging
34:50 Fishing Lines
35:31 Murder Holes
35:46 Fortified Wall
36:12 Fishing Lines
37:15 Scale Barding Armor
37:55 Iron Casting
37:23 Padded Archer Armor
37:13 Fletching
37:47 Paladin
38:53 Chain Barding Armor
41:03 Chemistry
40:23 Ballistics
40:15 Masonry
41:46 Blast Furnace
41:22 Plate Barding Armor
42:32 Elite Skirmisher
44:35 Conscription
可可
10:50 Feudal Age
16:22 Castle Age
20:26 Stone Mining
20:29 Gold Mining
30:22 Wheelbarrow
33:54 Imperial Age
31:51 Hand Cart
31:22 Town Watch
31:54 Scale Barding Armor
33:50 Chain Barding Armor
33:40 Forging
34:22 Husbandry
34:32 Bloodlines
35:50 Marauders
36:11 Conscription
35:12 Elite Tarkan
36:15 Atheism
39:10 Plate Barding Armor
39:11 Iron Casting
38:28 Fletching
38:51 Masonry
39:03 Ballistics
38:40 Murder Holes
39:09 Double-Bit Axe
39:08 Horse Collar
39:21 Gold Mining
40:30 Loom
40:49 Scale Mail Armor
40:14 Elite Tarkan
41:44 Gold Shaft Mining
42:19 Blast Furnace
42:22 Heavy Plow
42:34 Bow Saw
44:39 Bodkin Arrow
45:00 Chain Mail Armor
46:06 Caravan
49:52 Two-Man Saw
[LQE]Sun Tzu
0:35 Loom
10:48 Feudal Age
13:33 Double-Bit Axe
14:36 Horse Collar
20:02 Castle Age
22:18 Padded Archer Armor
23:54 Gold Mining
24:21 Bow Saw
25:11 Wheelbarrow
25:14 Fletching
26:57 Bodkin Arrow
28:12 Ballistics
32:01 Imperial Age
30:46 Heavy Plow
31:05 Squires
30:50 Arson
32:23 Leather Archer Armor
33:08 Conscription
33:53 Forging
33:43 Scale Mail Armor
33:44 Bracer
34:14 Ring Archer Armor
34:23 Hand Cart
34:41 Ring Archer Armor
36:29 Chemistry
35:20 Elite Genoese Crossbowman
35:26 Elite Genoese Crossbowman
36:31 Stone Mining
37:45 Two-Man Saw
37:56 Iron Casting
37:36 Chain Mail Armor
40:11 Blast Furnace
39:27 Chain Mail Armor
47:59 Chain Mail Armor
leticiav1995
10:55 Feudal Age
10:46 Loom
12:43 Double-Bit Axe
17:53 Castle Age
19:42 Bow Saw
19:15 Horse Collar
20:04 Stone Mining
24:37 Wheelbarrow
25:09 Husbandry
25:20 Bloodlines
27:17 Caravan
29:04 Heavy Plow
29:40 Hand Cart
30:57 Hill Forts
31:53 Pikeman
32:33 Squires
39:09 Imperial Age
36:11 Elite Skirmisher
36:57 Thumb Ring
37:37 Scale Barding Armor
37:32 Scale Mail Armor
37:33 Padded Archer Armor
37:24 Fletching
37:44 Forging
39:39 Chain Barding Armor
39:35 Chain Mail Armor
39:24 Hill Forts
43:49 Chemistry
43:10 Ballistics
42:41 Heated Shot
43:44 Elite Leitis
Water
3:04 Loom
11:26 Feudal Age
12:33 Double-Bit Axe
13:28 Horse Collar
21:02 Castle Age
18:57 Stone Mining
19:36 Gold Mining
20:24 Wheelbarrow
21:27 Town Watch
23:04 Bloodlines
22:55 Husbandry
27:03 Bow Saw
28:02 Gold Shaft Mining
28:24 Hand Cart
28:26 Heavy Plow
29:21 Forging
30:59 Town Patrol
30:55 Pikeman
36:07 Imperial Age
35:27 Arson
36:22 Iron Casting
35:48 Scale Mail Armor
35:54 Scale Barding Armor
36:12 Halberdier
37:05 Double Crossbow
38:18 Conscription
40:41 Blast Furnace
40:52 Caravan
42:01 Elite Ballista Elephant
43:44 Fortified Wall
44:39 Chain Mail Armor
47:54 Chemistry
47:14 Ballistics
钠呐纳卡姆
8:12 Feudal Age
10:10 Loom
10:47 Fishing Lines
18:14 Castle Age
17:05 Double-Bit Axe
19:48 Gillnets
21:42 Bow Saw
23:12 Horse Collar
26:13 Heavy Plow
27:41 Gold Mining
27:43 Stone Mining
27:51 Loom
30:18 Wheelbarrow
29:45 Padded Archer Armor
32:52 Imperial Age
30:50 Bloodlines
31:03 Ballistics
30:35 Town Watch
31:51 Gold Shaft Mining
31:52 Stone Shaft Mining
31:21 Caravan
32:39 Leather Archer Armor
32:48 Masonry
32:39 Husbandry
33:21 Hand Cart
33:09 Town Patrol
33:56 Conscription
34:16 Elite Mangudai
34:55 Fletching
36:49 Thumb Ring
37:10 Parthian Tactics
37:52 Chemistry
36:58 Siege Engineers
38:06 Drill
37:52 Bodkin Arrow
38:21 Scale Barding Armor
37:41 Light Cavalry
37:54 Capped Ram
39:01 Siege Ram
40:21 Bracer
39:53 Onager
雷欧
10:52 Feudal Age
15:55 Castle Age
14:52 Double-Bit Axe
16:33 Horse Collar
16:54 Loom
17:01 Town Watch
17:24 Squires
18:27 Scale Mail Armor
25:27 Bow Saw
25:20 Heavy Plow
25:27 Gold Mining
29:15 Wheelbarrow
32:09 Imperial Age
31:55 Gambesons
31:58 Arson
32:10 Stone Mining
32:48 Hand Cart
35:18 Chemistry
35:30 Two-Man Saw
36:02 Fletching
37:23 Chain Mail Armor
37:04 Bodkin Arrow
37:21 Forging
37:13 Padded Archer Armor
37:26 Pikeman
39:35 Ballistics
41:22 Halberdier
Connection lost

Rejoining the realm…

Still unreachable

The connection could not be restored.

Session expired

The server has moved on; the page needs a fresh start.